 Dungeon Crawl Stone Soup version 0.29-a0-397-g846e4a0bbc (webtiles) character file.

Game seed: 17412396760027807645

1500 Bruhh the Ogre Mage (level 8, -1/67 HPs)
             Began as an Ogre Air Elementalist on May 11, 2022.
             Hit by a large rock thrown by a cyclops (43 damage)
             ... on level 6 of the Dungeon.
             The game lasted 00:15:07 (8285 turns).

Bruhh the Ogre Mage (Ogre Air Elementalist)         Turns: 8285, Time: 00:15:08

Health: -1/67      AC:  3    Str: 13    XL:     8   Next: 81%
Magic:  1/18       EV:  9    Int: 18    God:
Gold:   270        SH:  0    Dex:  9    Spells: 9/20 levels left

rFire   . . .      SeeInvis .   n - +0 dagger (speed)
rCold   . . .      Faith    .   (no shield)
rNeg    . . .      Spirit   .   a - +0 robe
rPois   .          Reflect  .   (helmet restricted)
rElec   .          Harm     .   (no cloak)
rCorr   .          Rampage  .   (gloves unavailable)
Will    .....                   (boots unavailable)
Stlth   +.........              (no amulet)
HPRegen 0.21/turn               (no ring)
MPRegen 0.16/turn               (no ring)

@: brilliant
A: large, unfitting armour, tough skin 1
a: no special abilities


You were on level 6 of the Dungeon.
You visited 1 branch of the dungeon, and saw 6 of its levels.

You collected 270 gold pieces.

Inventory:

Hand Weapons
 c - a +0 club
 n - a +0 dagger of speed (weapon)
Missiles
 r - 6 atropa-tipped darts
Armour
 a - a +0 robe (worn)
Jewellery
 v - a ring of resist corrosion
Wands
 o - a wand of iceblast (9)
 t - a wand of mindburst (10)
Scrolls
 b - a scroll of blinking {unknown}
 d - 9 scrolls of identify {unknown}
 f - a scroll of summoning {unknown}
 g - a scroll of immolation {unknown}
 m - a scroll of teleportation {unknown}
 p - 2 scrolls of amnesia {unknown}
 u - a scroll of vulnerability {unknown}
 w - a scroll of magic mapping {unknown}
Potions
 e - a potion of cancellation
 h - a potion of attraction {unknown}
 i - a potion of invisibility {unknown}
 j - a potion of brilliance
 k - a potion of lignification
 l - 2 potions of curing
 q - a potion of flight {unknown}
 s - a potion of berserk rage {unknown}


   Skills:
 - Level 1.7 Dodging
 - Level 1.4 Stealth
 + Level 6.6 Spellcasting
 - Level 5.0 Conjurations
 - Level 3.0 Hexes
 + Level 6.2 Air Magic


You had 9 spell levels left.
You knew the following spells:

 Your Spells              Type           Power      Damage    Failure   Level
a - Shock                 Conj/Air       100%       1d9       1%          1
b - Static Discharge      Conj/Air       39%        N/A       1%          2
c - Swiftness             Air            43%        N/A       2%          3
d - Airstrike             Air            21%        N/A       9%          4
e - Slow                  Hex            100%       N/A       3%          1

Your spell library contained the following spells:

 Spells                   Type           Power      Damage    Failure   Level
 Magic Dart               Conj           100%       1d8       1%          1
 Searing Ray              Conj           72%        2d7       2%          2
 Corpse Rot               Necr/Air       50%        N/A       4%          2
 Confusing Touch          Hex            25%        N/A       10%         3
 Sandblast                Erth           18%        2d7       11%         1
 Stone Arrow              Conj/Erth      44%        3d9       12%         3
 Blink                    Tloc           18%        N/A       17%         2
 Passwall                 Tmut/Erth      7%         N/A       17%         2
 Fulminant Prism          Conj/Hex       15%        3d11      22%         4
 Ignite Poison            Fire/Tmut/Pois 9%         N/A       32%         3
 Lesser Beckoning         Tloc           9%         N/A       32%         3
 Vampiric Draining        Necr           9%         2d6       32%         3
 Dispel Undead            Necr           9%         3d8       73%         4
 Blade Hands              Tmut           4%         N/A       97%         5
 Manifold Assault         Tloc           9%         N/A       97%         5
 Death Channel            Necr           4%         N/A       100%        6
 Storm Form               Tmut/Air       12%        N/A       100%        7


Dungeon Overview and Level Annotations

Branches:
Dungeon (6/15)
 Temple: D:4-7

Altars:
Cheibriados


Innate Abilities, Weirdness & Mutations

You are too large for most types of armour.
You have tough skin. (AC +1)


Message History

The air twists around and strikes the cyclops.
The cyclops is moderately wounded.
The cyclops throws a large rock.
The large rock hits you!!
Unknown command.
Casting: Airstrike (dangerous; 9% risk of failure)
Confirm with . or Enter, or press ? or * to list all spells.
Aiming: Airstrike (dangerous; 9% risk of failure)
Press: ? - help, Dir - move target, f/p - cyclops
Aim: a cyclops, quivering large rocks (moderately wounded, empty space bonus: 2/8)
The air twists around and strikes the cyclops.
The cyclops is heavily wounded.
The cyclops throws a large rock.
The large rock barely misses you.
Casting: Airstrike (dangerous; 9% risk of failure)
Confirm with . or Enter, or press ? or * to list all spells.
Aiming: Airstrike (dangerous; 9% risk of failure)
Press: ? - help, Dir - move target, f/p - cyclops
Aim: a cyclops, quivering large rocks (heavily wounded, empty space bonus: 2/8)
The air twists around and strikes the cyclops!
The cyclops is severely wounded.
Unknown command.
Casting: Airstrike (dangerous; 9% risk of failure)
Confirm with . or Enter, or press ? or * to list all spells.
Aiming: Shock (safe; 1% risk of failure)
Press: ? - help, Shift-Dir - straight line, f/p - cyclops
Aim: a cyclops, quivering large rocks (severely wounded, 98% to hit)
The zap hits the cyclops.
The cyclops is severely wounded.
Casting: Shock (safe; 1% risk of failure)
Confirm with . or Enter, or press ? or * to list all spells.
Aiming: Shock (safe; 1% risk of failure)
Press: ? - help, Shift-Dir - straight line, f/p - cyclops
Aim: a cyclops, quivering large rocks (severely wounded, 98% to hit)
The zap hits the cyclops.
The cyclops is severely wounded.
The cyclops throws a large rock.
The large rock barely misses you.
It was a potion of brilliance.
You feel clever all of a sudden.
The cyclops throws a large rock.
The large rock hits you!!!
Ouch! That really hurt!
You die...

#........
#........
#########
#########
#..C..... #@#
#.#
##############
#.#
#............#
#.#
#............#
#.#
#.....#####..#
#.# #.(...#
#..# #.#
#.....# ##..
#.# ####>.#
#.. #.#
#.....# ##.


You could see a cyclops.

Vanquished Creatures
  A sky beast (D:6)
  2 black bears
  An ogre (D:6)
  A phantom (D:6)
  6 scorpions (D:4)
  3 wights (D:5)
  2 hounds (D:4)
  2 orc priests
  2 jellies (D:5)
  Terence (D:3)
  3 iguanas
  An orc wizard (D:5)
  12 adders
  2 white imps (D:5)
  An ufetubus (D:6)
  A worm (D:2)
  6 dart slugs
  16 orcs
  5 endoplasms
  3 giant cockroaches
  14 goblins
  6 hobgoblins
  A quokka (D:1)
  9 ball pythons
  21 bats
  2 frilled lizards (D:3)
  6 kobolds
  5 rats
135 creatures vanquished.

Vanquished Creatures (others)
  4 fungi (D:4)
  3 plants
7 creatures vanquished.

Grand Total: 142 creatures vanquished

Notes
Turn   | Place    | Note
-------+----------+-------------------------------------------
     0 | D:1      | Bruhh the Ogre Air Elementalist began the quest for the
                  | Orb.
     0 | D:1      | Reached XP level 1. HP: 16/16 MP: 3/3
   142 | D:1      | Reached XP level 2. HP: 21/24 MP: 3/5
   794 | D:1      | Reached XP level 3. HP: 17/31 MP: 2/7
  1682 | D:2      | Reached XP level 4. HP: 35/39 MP: 4/9
  1799 | D:2      | Learned a level 2 spell: Static Discharge
  2788 | D:3      | Reached skill level 1 in Conjurations
  2805 | D:3      | Reached XP level 5. HP: 45/45 MP: 3/11
  3429 | D:3      | Found a faded altar of an unknown god.
  3503 | D:3      | Noticed Terence
  3511 | D:3      | Killed Terence
  3719 | D:3      | Found a faded altar of an unknown god.
  3732 | D:3      | Found a snail-covered altar of Cheibriados.
  3908 | D:4      | Learned a level 3 spell: Swiftness
  4117 | D:4      | Reached XP level 6. HP: 29/53 MP: 3/12
  4490 | D:4      | Reached skill level 5 in Air Magic
  4893 | D:4      | Reached XP level 7. HP: 14/59 MP: 2/13
  5725 | D:4      | Learned a level 4 spell: Airstrike
  6210 | D:5      | Entered Level 5 of the Dungeon
  6258 | D:5      | Reached skill level 5 in Conjurations
  6394 | D:5      | Reached XP level 8. HP: 67/67 MP: 10/14
  6530 | D:5      | Reached skill level 5 in Spellcasting
  7259 | D:5      | Got the Almanac of Shifting Earth
  7325 | D:6      | Learned a level 1 spell: Slow
  7334 | D:6      | Reached skill level 1 in Hexes
  8278 | D:6      | Noticed a cyclops
  8285 | D:6      | Hit by a large rock thrown by a cyclops

Illustrated notes

Levels and vault maps discovered:
D:1:      ncdulo_wetmaze, layout_rooms, serial_bayou_pond_c,
          minmay_worlds_worst_comb
D:2:      layout_basic, grunt_ministairs_1, minivault_23
D:3:      minmay_angry_zag, layout_loops_ring,
          nicolae_overflow_ecumenical_swirl,
          shapermc_ecumenical_altar_mp_urbaneastern, minmay_misc_feat_plants,
          minmay_bisected, uniq_terence
D:4:      old_forge, layout_basic, serial_bayou_pond_a
D:5:      layout_basic
D:6:      layout_basic, minmay_temple_entry_waves, nicolae_sextant

Skill      XL: |  1  2  3  4  5  6  7  8 |
---------------+-------------------------+-----
Air Magic      | 3 4 5 6 |  6.2
Spellcasting   | 3 4 6 |  6.6
Conjurations   | 1 2 3 5 |  5.0
Hexes          | 3 |  3.0
Dodging        | |  1.7
Stealth        | |  1.4

Action                   |  1- 3 |  4- 6 |  7- 9 || total
-------------------------+-------+-------+-------++-------
Melee: Club              |    35 |     2 |       ||    37
       Punch             |     1 |       |       ||     1
       Dagger            |       |    19 |    51 ||    70
 Cast: Shock             |    55 |    84 |   103 ||   242
       Static Discharge  |       |    25 |    23 ||    48
       Airstrike         |       |       |    12 ||    12
  Use: Potion            |     1 |       |    10 ||    11
 Stab: Sleeping          |     1 |       |       ||     1
Armor: Robe              |    33 |    29 |    24 ||    86
       Skin              |       |       |    16 ||    16
Dodge: Dodged            |    67 |    24 |    60 ||   151

Table legend: (Time is in decaauts)
 A = Elapsed time spent in this place.
 B = Non-inter-level travel time spent in this place.
 C = Inter-level travel time spent in this place.
 D = Time resting spent in this place.
 E = Time spent auto-exploring this place.
 F = Levels seen in this place.
 G = Mean time per level.
                   A        B        C        D        E       F      G
               +--------+--------+--------+--------+--------+-----+--------+
         Total |   8287 |   8096 |    191 |    681 |   6567 |   6 | 1381.2 |
       Dungeon |   8287 |   8096 |    191 |    681 |   6567 |   6 | 1381.2 |
               +--------+--------+--------+--------+--------+-----+--------+

Top non-repeatable levels by time:
     D:4: 2337 daAuts
     D:1: 1390 daAuts
     D:2: 1264 daAuts
     D:3: 1235 daAuts
     D:5: 1093 daAuts
     D:6: 965 daAuts
